 Dungeon Crawl Stone Soup version 0.30-a0-4-ga7cffc901d (webtiles) character file.

Game seed: 14298309505346338623

157 SensoryNuts the Trooper (level 5, 0/42 HPs)
             Began as a Demonspawn Fighter on Aug 21, 2022.
             Killed by divine providence
             ... invoked by an orc priest
              (12 damage)
             ... on level 3 of the Dungeon.
             The game lasted 00:03:22 (3214 turns).

SensoryNuts the Trooper (Demonspawn Fighter)        Turns: 3214, Time: 00:03:22

Health: 0/42       AC: 10    Str: 22 (23) XL:     5   Next: 15%
Magic:  5/5        EV:  9    Int:  8 (9)  God:
Gold:   803        SH:  4    Dex: 10 (12) Spells: 4/4 levels left

rFire   . . .      SeeInvis .    a - +0 war axe
rCold   + + .      Faith    .    c - +0 buckler
rNeg    + . .      Spirit   .    b - +0 scale mail
rPois   .          Reflect  .    d - +0 helmet of the Falcon {rC+ rN+ Str+4}
rElec   .          Harm     .    f - +0 cloak
rCorr   .          Rampage  .    (no gloves)
Will    .....                    (no boots)
Stlth   ..........               (no amulet)
HPRegen 0.14/turn                (no ring)
MPRegen 0.18/turn                (no ring)

@: flying
A: magic regeneration, weakness stinger 1, cold resistance 1, shaggy fur 1
a: no special abilities


You were on level 3 of the Dungeon.
You visited 1 branch of the dungeon, and saw 3 of its levels.

You collected 803 gold pieces.

Inventory:

Hand Weapons
 a - a +0 war axe (weapon)
Missiles
 o - a throwing net (quivered)
Armour
 b - a +0 scale mail (worn)
 c - a +0 buckler (worn)
 d - the +0 helmet of the Falcon (worn) {rC+ rN+ Str+4}
   (You acquired it on level 2 of the Dungeon)

   Str:       It affects your strength (+4).
   rC:        It protects you from cold.
   rN:        It protects you from negative energy.
 f - a +0 cloak (worn)
Jewellery
 h - a ring of protection from cold
 i - a ring of protection from cold
Scrolls
 j - a scroll of noise
 m - a scroll of fog
 n - a scroll of vulnerability
 q - a scroll of teleportation
 s - a scroll of identify


   Skills:
 + Level 3.8 Fighting
 * Level 3.4 Axes
 + Level 3.5 Armour
 + Level 0.2 Dodging
 + Level 3.0 Shields


You had 4 spell levels left.
You didn't know any spells.
Your spell library contained the following spells:

 Spells                   Type           Power      Damage    Failure   Level
 Conjure Flame            Conj/Fire      0%         6-21      99%         3
 Ignite Poison            Fire/Tmut/Pois 0%         N/A       99%         3
 Sticky Flame             Conj/Fire      0%         2d3       100%        4


Dungeon Overview and Level Annotations

Branches:
Dungeon (3/15)

Altars:

Annotations:
D:3 3 runed translucent doors, greasedhog's ghost, amateur GrAK


Innate Abilities, Weirdness & Mutations

You regenerate magic rapidly.
You have a small tail.
Your flesh is cold resistant. (rC+)
You are covered in fur. (AC +1)


Message History

You are too injured to fight recklessly!
It was a potion of curing.
You feel better.
The orc hits you from afar with a +0 trident!
* * * LOW HITPOINT WARNING * * *
An endoplasm comes into view.
As you read the scroll of summoning, it crumbles to dust.
Wisps of shadow whirl around you... The orc barely misses you.
Okay, then.
It was a potion of degeneration.
There was something very wrong with that liquid.
You feel weakened.
You feel dopey.
You feel clumsy. The orc hits you but does no damage.
Your hobgoblin hits the orc.
It was a potion of heal wounds.
You feel much better.
The orc hits you from afar with a +0 trident!
* * * LOW HITPOINT WARNING * * *
Your hobgoblin closely misses the orc.
It was a potion of mutation.
You feel extremely strange.
You feel resistant to cold. Fur sprouts all over your body.
The orc barely misses you.
Your hobgoblin closely misses the orc.
It was a potion of flight.
You feel very buoyant.
You fly up into the air.
The orc barely misses you.
Your hobgoblin hits the orc.
The orc dies!
You swap places.
Things that are here:
a +0 hand axe; an orc corpse You closely miss the orc.
You tail-slap the orc.
The orc is almost dead.
The orc hits you but does no damage.
You closely miss the orc.
The orc is almost dead.
The orc hits you but does no damage. The orc barely misses you.
You hit the orc.
You kill the orc!
You slash the endoplasm!
You kill the endoplasm!
The orc priest calls down the wrath of Beogh upon you.
Beogh smites you!
You die...

.....#############
#......##.....##..
#......##.....##.#
#......##.....##.#
#......##.....##.###.##.
..............'.r....>..
.......##.....##o###..#
...###.#########g#
##.....# #@# .#######
#)# #.# ..o .⌠# ##.#^
#.# ..... .## .## ## ##
. # ..


You could see an orc priest, a friendly orc (summoned), a friendly hobgoblin
(summoned) and a friendly rat (summoned).

Vanquished Creatures
  2 orc priests (D:3)
  Crazy Yiuf (D:2)
  An adder (D:2)
  A worm (D:3)
  3 dart slugs (D:2)
  5 orcs (D:3)
  3 bats
  5 endoplasms
  A giant cockroach (D:2)
  3 hobgoblins (D:2)
  2 jackals (D:2)
  2 quokkas
  3 ball pythons
  8 goblins
  4 kobolds
  3 rats
47 creatures vanquished.

Vanquished Creatures (collateral kills)
  An orc (D:3)
1 creature vanquished.

Vanquished Creatures (others)
  4 fungi (D:2)
4 creatures vanquished.

Grand Total: 52 creatures vanquished

Notes
Turn   | Place    | Note
-------+----------+-------------------------------------------
     0 | D:1      | SensoryNuts the Demonspawn Fighter began the quest for the
                  | Orb.
     0 | D:1      | Reached XP level 1. HP: 18/18 MP: 1/1
   943 | D:1      | Gained mutation: You regenerate magic rapidly. [demonic
                  | ancestry]
   943 | D:1      | Reached XP level 2. HP: 20/24 MP: 2/2
  1568 | D:2      | Found a runed translucent door.
  1569 | D:2      | Noticed Crazy Yiuf
  1680 | D:2      | Gained mutation: You have a small tail. [demonic ancestry]
  1680 | D:2      | Reached XP level 3. HP: 29/29 MP: 3/3
  1962 | D:2      | Found a faded altar of an unknown god.
  2583 | D:2      | Killed Crazy Yiuf
  2584 | D:2      | Reached XP level 4. HP: 17/37 MP: 1/4
  2805 | D:2      | Identified 2 scrolls of acquirement
  2805 | D:2      | Acquired the +0 helmet of the Falcon {rC+ rN+ Str+4}
  2806 | D:2      | Acquired 653 gold pieces
  3106 | D:3      | Found a runed translucent gate.
  3107 | D:3      | Found a runed translucent gate.
  3107 | D:3      | Found a runed translucent gate.
  3108 | D:3      | Noticed a kobold brigand
  3123 | D:3      | Noticed greasedhog's ghost (amateur GrAK)
  3204 | D:3      | Reached XP level 5. HP: 4/42 MP: 5/5
  3204 | D:3      | HP: 2/42 [orc/+0 trident (8)]
  3208 | D:3      | Gained mutation: Your flesh is cold resistant. (rC+)
                  | [potion of mutation]
  3208 | D:3      | Gained mutation: You are covered in fur. (AC +1) [potion of
                  | mutation]
  3214 | D:3      | Killed from afar by an orc priest

Illustrated notes

Levels and vault maps discovered:
D:1:      lemuel_arrival_cross, layout_basic, minmay_pentomino_s2
D:2:      layout_basic, dreamdust_ecumenical_altar_angels_and_demons,
          uniq_crazy_yiuf_cottage
D:3:      layout_basic, okawaru_metal_pillars_3, trog_book,
          gammafunk_ghost_nasty_kobolds, kennysheep_flooded_box, uniq_sigmund

Skill      XL: |  1  2  3  4 |
---------------+-------------+-----
Axes           | 2 3 |  3.4
Armour         | 3 |  3.5
Shields        | 3 |  3.0
Fighting       | |  3.8
Dodging        | |  0.2

Action                   |  1- 3 |  4- 6 || total
-------------------------+-------+-------++-------
Melee: War axe           |   103 |    34 ||   137
       Tailslap          |     4 |     5 ||     9
  Use: Potion            |     1 |     5 ||     6
       Scroll            |       |     8 ||     8
Armor: Scale mail        |    49 |    14 ||    63
Dodge: Dodged            |    25 |    13 ||    38
Block: Buckler           |    21 |     5 ||    26

Table legend: (Time is in decaauts)
 A = Elapsed time spent in this place.
 B = Non-inter-level travel time spent in this place.
 C = Inter-level travel time spent in this place.
 D = Time resting spent in this place.
 E = Time spent auto-exploring this place.
 F = Levels seen in this place.
 G = Mean time per level.
                   A        B        C        D        E       F      G
               +--------+--------+--------+--------+--------+-----+--------+
         Total |   3271 |   3038 |    233 |      0 |   2654 |   3 | 1090.3 |
       Dungeon |   3271 |   3038 |    233 |      0 |   2654 |   3 | 1090.3 |
               +--------+--------+--------+--------+--------+-----+--------+

Top non-repeatable levels by time:
     D:2: 1487 daAuts
     D:1: 1420 daAuts
     D:3: 363 daAuts
